[Event "*** Titled Tuesday 3|2 Blitz"]
[Site "Chess.com"]
[Date "2017.03.07"]
[Round "4"]
[White "MyleneFarmer"]
[Black "maciek_92"]
[Result "1-0"]
[WhiteElo "2373"]
[BlackElo "2524"]
[TimeControl "180+2"]
[EndTime "13:52:27 PST"]
[Termination "MyleneFarmer won by resignation"]

1. d4 Nf6 2. c4 e6 3. Nf3 b6 4. g3 Ba6 5. Qc2 Bb7 6. Bg2 c5 7.
d5 exd5 8. cxd5 Bxd5 9. O-O Be7 10. Nc3 Bc6 11. e4 d6 12. Rd1 Qc8 13. Bf4 O-O 14. Bxd6 Bxd6 15. Rxd6 Re8 16. e5 Ng4 17. Re1 h6 18. h3 Qb7 19. Qf5 1-0

[Event "*** Titled Tuesday 3|2 Blitz"]
[Site "Chess.com"]
[Date "2017.03.07"]
[Round "4"]
[White "AlexZambrano"]
[Black "Mischuk_D"]
[Result "0-1"]
[WhiteElo "2265"]
[BlackElo "2459"]
[TimeControl "180+2"]
[EndTime "13:52:31 PST"]
[Termination "Mischuk_D won by resignation"]

1. e4 c5 2. Nf3 d6 3. d4 cxd4 4.
Nxd4 Nf6 5. Nc3 Nc6 6. Bc4 Bd7 7.
Bb3 g6 8. f3 Nxd4 9. Qxd4 Bg7 10.
Be3 O-O 11. Qd2 b5 12. O-O a5 13. a4 bxa4 14. Nxa4 Bxa4 15. Rxa4 Nd7 16. Bd5 Nb6 17. Rxa5 Rxa5 18. Qxa5 Nxd5 19. Qxd8 Rxd8 20. exd5 Bxb2 21. Rb1 Bf6 22. c4 Rc8 23. Rb4 g5 24. Kf1 Kg7 25. Ke2 h5 26. Kd3 Kg6 27. Bd4 Ra8 28. Bxf6 Kxf6 29. Rb2 g4 30. fxg4 hxg4 31. Rf2+ Kg6 32.
Re2 Ra7 33. Kd4 Kg5 34. Rf2 f5 35. g3 Kf6 36. h3 gxh3 37. g4 Kg5 38. gxf5 Kg4 39.
f6 exf6 40. Rxf6 Rh7 41. Rg6+ Kf3 42. Rg1 Rh4+ 43. Kc3 h2 44. Rh1 Kg2 45. Rxh2+ Kxh2 46. Kb4 Kg3 47. Kb5 Kf4 48. c5 Ke5 49. Kc6 Rc4 0-1

[Event "*** Titled Tuesday 3|2 Blitz"]
[Site "Chess.com"]
[Date "2017.03.07"]
[Round "4"]
[White "amaidel"]
[Black "Rock700chess"]
[Result "1-0"]
[WhiteElo "2449"]
[BlackElo "2245"]
[TimeControl "180+2"]
[EndTime "13:52:32 PST"]
[Termination "amaidel won by resignation"]

1. e4 e5 2. Nf3 Nc6 3. Nc3 Nf6 4.
g3 Bc5 5. Bg2 d6 6. h3 a6 7. d3 Be6 8. O-O Qd7 9. Ng5 h6 10. Nxe6 Qxe6 11. Nd5 Qd7 12. Nxf6+ gxf6 13. c3 a5 14. Qf3 Qe7 15. Be3 Ba7 16. Rad1 Nd8 17. d4 Ne6 18. Qf5 Ng7 19. Qg4 Kf8 20. h4 b6 21. f4 Qe6 22. Qxe6 Nxe6 23. fxe5 fxe5 24. dxe5 dxe5 25. Rd7 Rh7 26. Bh3 Re8 27. Bf5 1-0

[Event "*** Titled Tuesday 3|2 Blitz"]
[Site "Chess.com"]
[Date "2017.03.07"]
[Round "4"]
[White "kereswasbest"]
[Black "politeplayer"]
[Result "0-1"]
[WhiteElo "2048"]
[BlackElo "2130"]
[TimeControl "180+2"]
[EndTime "13:52:35 PST"]
[Termination "politeplayer won by resignation"]

1. d4 d5 2. c4 e6 3. Nc3 c5 4.
cxd5 cxd4 5. Qa4+ Bd7 6. Qxd4 exd5 7. Nxd5 Nc6 8. Qd1 Qa5+ 9. Qd2 Bb4 10. Nxb4 Nxb4 11.
Rb1 Qxa2 12. Qe3+ Ne7 13. Nf3 Nc2+ 0-1

[Event "*** Titled Tuesday 3|2 Blitz"]
[Site "Chess.com"]
[Date "2017.03.07"]
[Round "4"]
[White "Jadeit90"]
[Black "AungTZ"]
[Result "1-0"]
[WhiteElo "2156"]
[BlackElo "2054"]
[TimeControl "180+2"]
[EndTime "13:52:57 PST"]
[Termination "Jadeit90 won by resignation"]

1. g3 d5 2. Bg2 Nf6 3. c4 e6 4.
Nf3 c5 5. O-O Be7 6. cxd5 exd5 7.
d4 c4 8. Nc3 O-O 9. Ne5 Nc6 10.
e4 Nxe5 11. dxe5 Nxe4 12. Nxe4 dxe4 13. Bxe4 Qc7 14. Bf4 Be6 15. Rc1 Rac8 16. b3 b5 17. bxc4 bxc4 18. Qh5 g6 19. Qh6 Rfd8 20. h4 Bf8 21. Qg5 Qe7 22. h5 Qxg5 23. Bxg5 Rd4 24. Bf3 Bg7 25. hxg6 hxg6 26. Be3 Rd7 27. Bf4 g5 28.
Bxg5 Bxe5 29. Be4 Kg7 30. Kg2 Bb2 31. Rc2 Bf6 32. Be3 c3 33. Rh1 Rh8 34. Rxh8 Kxh8 35. f4 Bc4 36. Kf3 Bd3 37. Bxd3 Rxd3 38. Ke4 Rd7 39.
g4 Kg8 40. g5 Bg7 41. f5 Bf8 42. Rxc3 Be7 43. Rc8+ Kh7 44. Bd4 f6 45. g6+ 1-0

[Event "*** Titled Tuesday 3|2 Blitz"]
[Site "Chess.com"]
[Date "2017.03.07"]
[Round "4"]
[White "poummba"]
[Black "FlameOak4464"]
[Result "1-0"]
[WhiteElo "2354"]
[BlackElo "1774"]
[TimeControl "180+2"]
[EndTime "13:53:06 PST"]
[Termination "poummba won by resignation"]

1. e4 e5 2. f4 exf4 3. Bc4 Nf6 4.
Nc3 c6 5. e5 d5 6. Be2 Ne4 7. Nf3 Qb6 8. d4 Bb4 9. O-O Nxc3 10. bxc3 Bxc3 11. Bxf4 Bxa1 12. Qxa1 O-O 13. Bd3 Na6 14. c3 Qa5 15. Qb1 Nc7 16. Bxh7+ Kh8 17.
Bd3 Qxc3 18. Bd2 Qa3 19. Ng5 Qa4 20. Rf4 Ne6 21. Rh4+ Kg8 22. Bh7+ Kh8 23. Bc2+ Kg8 24. Bxa4 1-0

[Event "*** Titled Tuesday 3|2 Blitz"]
[Site "Chess.com"]
[Date "2017.03.07"]
[Round "4"]
[White "Malev212"]
[Black "platy3"]
[Result "0-1"]
[WhiteElo "2453"]
[BlackElo "2586"]
[TimeControl "180+2"]
[EndTime "13:53:07 PST"]
[Termination "platy3 won by checkmate"]

1. e4 c5 2. Nf3 Nc6 3. Bb5 Nf6 4.
Nc3 Nd4 5. Ba4 b5 6. Bxb5 Nxb5 7. Nxb5 Nxe4 8. Qe2 Bb7 9. O-O a6 10. d3 axb5 11. dxe4 b4 12. e5 Ba6 13. Qe4 Bxf1 14.
Kxf1 e6 15. Bg5 Qc8 16. Rd1 h6 17. Bh4 g5 18. Bg3 Rxa2 19. h4 Be7 20. Kg1 Qa8 21.
Qd3 Qd5 22. Qe2 Qc6 23. Nd2 gxh4 24. Bf4 h3 25. Ne4 Rg8 26. g3 Rxb2 27. Kh2 b3 28. Kxh3 Rxc2 29. Qe3 Rc4 30. Nf6+ Bxf6 31. exf6 Rb4 32.
Ra1 d6 33. Ra7 Qh1# 0-1

[Event "*** Titled Tuesday 3|2 Blitz"]
[Site "Chess.com"]
[Date "2017.03.07"]
[Round "4"]
[White "StellarChessPro"]
[Black "VeraNebolsina"]
[Result "1-0"]
[WhiteElo "2341"]
[BlackElo "1668"]
[TimeControl "180+2"]
[EndTime "13:53:18 PST"]
[Termination "StellarChessPro won by checkmate"]

1. d4 Nf6 2. Bg5 d5 3. Bxf6 gxf6 4. e3 c5 5. c4 cxd4 6. Qxd4 Nc6 7. Qd2 d4 8. exd4 Qxd4 9. Qxd4 Nxd4 10. Bd3 Bg4 11. h3 Bh5 12. Nc3 O-O-O 13. g4 Bg6 14. Bxg6 hxg6 15. O-O-O f5 16. Nge2 Bh6+ 17. Kb1 Nxe2 18. Nxe2 e6 19. gxf5 exf5 20. Nc3 Rxd1+ 21. Rxd1 Bg7 22.
Rd3 Rh4 23. b3 Rf4 24. Nb5 a6 25. Nd6+ Kb8 26. f3 Rh4 27. Nxf7 Rxh3 28. Nd6 Rh2 29. Nxb7 Rb2+ 30. Kc1 Rxa2 31. Rd8+ Ka7 32. Rd7 Bh6+ 33. Kd1 Kb6 34. b4 Kc6 35. Rh7 Bd2 36. Na5+ Kb6 37. Rb7# 1-0

[Event "*** Titled Tuesday 3|2 Blitz"]
[Site "Chess.com"]
[Date "2017.03.07"]
[Round "4"]
[White "silverback96"]
[Black "Shivagami"]
[Result "1-0"]
[WhiteElo "2074"]
[BlackElo "1957"]
[TimeControl "180+2"]
[EndTime "13:53:22 PST"]
[Termination "silverback96 won on time"]

1. d4 Nf6 2. c4 g6 3. g3 c6 4. Bg2 d5 5. cxd5 cxd5 6. Qa4+ Nc6 7.
Nc3 Bg7 8. h4 h5 9. Bg5 O-O 10.
Rd1 Be6 11. Nh3 Ne4 12. Nf4 Nxc3 13. bxc3 Qd7 14. Qb5 Rfd8 15. O-O a6 16. Qc5 Rac8 17. Nxe6 Qxe6 18. c4 Nxd4 19. Qxe7 Nxe2+ 20. Kh2 Qxe7 21. Bxe7 Re8 22. Bg5 dxc4 23. Bxb7 Rc7 24. Bxa6 c3 25. Rfe1 Nd4 26. Rxe8+ Kh7 27. Rc8 Ra7 28. Bc4 Rb7 29. Be3 Nf3+ 30. Kg2 Ne5 31. Bd5 Rb2 32. Rxc3 Rxa2 33. Bxa2 1-0

[Event "*** Titled Tuesday 3|2 Blitz"]
[Site "Chess.com"]
[Date "2017.03.07"]
[Round "4"]
[White "MatBobula"]
[Black "PaulfromSPb"]
[Result "0-1"]
[WhiteElo "2279"]
[BlackElo "2530"]
[TimeControl "180+2"]
[EndTime "13:53:40 PST"]
[Termination "PaulfromSPb won by resignation"]

1. d4 Nf6 2. c4 e6 3. Nf3 b6 4. g3 Ba6 5. b3 Bb4+ 6. Bd2 Be7 7.
Bg2 c6 8. O-O d5 9. Bc3 O-O 10.
Nbd2 Nbd7 11. Re1 Rc8 12. e4 dxe4 13. Nxe4 Nxe4 14. Rxe4 c5 15. Re2 Bb7 16. Rd2 Qc7 17. Qc2 Nf6 18. dxc5 Qxc5 19. Bd4 Qh5 20. Ne5 Bxg2 21.
Kxg2 Rfd8 22. f4 Ng4 23. Nxg4 Qxg4 24. Rad1 h5 25. h3 Qf5 26. Qxf5 exf5 27. Be5 Rxd2+ 28.
Rxd2 a5 29. Rd7 Bc5 30. Kf3 Re8 31. Bd4 Bxd4 32. Rxd4 Re6 33. Rd7 g6 34. Rb7 Kg7 35. a3 Rc6 36. Ke3 a4 37. bxa4 Rxc4 38. Rxb6 Rc3+ 39.
Kf2 Rxa3 40. Ra6 h4 41. gxh4 Rxh3 42. a5 Rxh4 43. Kg3 Rh1 44. Ra8 Ra1 45. a6 Ra3+ 46.
Kf2 f6 47. Ra7+ Kh6 48. Ra8 g5 49. fxg5+ fxg5 50. a7 Kg7 51. Kg2 g4 52. Kf2 f4 53.
Kg2 Ra2+ 54. Kg1 f3 55. Rb8 Rxa7 56. Kf2 Ra2+ 57. Kg3 Rg2+ 0-1

[Event "*** Titled Tuesday 3|2 Blitz"]
[Site "Chess.com"]
[Date "2017.03.07"]
[Round "4"]
[White "Tirantes"]
[Black "Feegus"]
[Result "0-1"]
[WhiteElo "2175"]
[BlackElo "2382"]
[TimeControl "180+2"]
[EndTime "13:54:00 PST"]
[Termination "Feegus won by resignation"]

1. e4 e6 2. d4 d5 3. Nd2 Nc6 4.
Ngf3 Nf6 5. e5 Nd7 6. Bd3 Nb4 7. Be2 c5 8. c3 Nc6 9. O-O Be7 10. Re1 O-O 11. Nf1 f6 12. exf6 Nxf6 13. Ng3 Bd6 14. Bd3 cxd4 15. cxd4 Qb6 16. a3 Bd7 17. b4 Rac8 18. Be3 a6 19. h3 Ne7 20. Ne5 Bb5 21. Bb1 Qc7 22. Ra2 Nc6 23. f4 Bc4 24. Rf2 a5 25. bxa5 Bxa3 26. Nh5 Bb4 27. Nxf6+ gxf6 28. Qg4+ Kh8 29. Ng6+ hxg6 30. Rf3 Bxe1 31. Qxg6 f5 32. Bf2 Bxf2+ 33. Kxf2 Nxd4 34. Rg3 Qxf4+ 35. Kg1 Ne2+ 36.
Kh2 Qxg3+ 0-1

[Event "*** Titled Tuesday 3|2 Blitz"]
[Site "Chess.com"]
[Date "2017.03.07"]
[Round "4"]
[White "Vamostodorecto"]
[Black "TheNextLevelFan"]
[Result "0-1"]
[WhiteElo "2373"]
[BlackElo "2368"]
[TimeControl "180+2"]
[EndTime "13:54:01 PST"]
[Termination "TheNextLevelFan won by resignation"]

1. d4 Nf6 2. c4 g6 3. Nc3 Bg7 4.
e4 d6 5. Be2 O-O 6. Nf3 c5 7.
d5 Nbd7 8. O-O a6 9. Bf4 Ng4 10. h3 Nge5 11. Nxe5 Nxe5 12. Qd2 Re8 13. Bh6 Bh8 14. f4 Nd7 15. Bd3 b5 16. cxb5 axb5 17. Bxb5 Ba6 18. Bxa6 Rxa6 19. Rae1 Qa8 20. Re2 Bd4+ 21.
Kh1 Rb8 22. Bg5 f6 23. Bh4 Nb6 24. b3 Bxc3 25. Qxc3 Rxa2 26. Rxa2 Qxa2 27. Re1 Nd7 28. Re3 Rb4 29. Bg3 Qb1+ 30. Kh2 Rxe4 31. Rxe4 Qxe4 32.
Qa5 Kf7 33. Qd8 Nf8 34. Qa8 Qb4 35. Qa2 Nd7 36. Qe2 Nf8 37. f5 Qxb3 38. fxg6+ hxg6 39. Qd1 Qxd1 0-1

[Event "*** Titled Tuesday 3|2 Blitz"]
[Site "Chess.com"]
[Date "2017.03.07"]
[Round "4"]
[White "coalescenet"]
[Black "Vrolijk"]
[Result "0-1"]
[WhiteElo "2243"]
[BlackElo "2324"]
[TimeControl "180+2"]
[EndTime "13:54:05 PST"]
[Termination "Vrolijk won by resignation"]

1. d4 Nf6 2. c4 e6 3. Nf3 d5 4.
Nc3 c6 5. cxd5 exd5 6. Bg5 Be7 7. e3 Bf5 8. Nh4 Bg4 9. f3 Be6 10. Bd3 h6 11. Bxf6 Bxf6 12. Nf5 g6 13. Ng3 Nd7 14. O-O h5 15. Nge2 O-O 16. Qe1 Bh4 17. g3 Bg5 18. Qf2 Re8 19. e4 Bh3 20. Rfd1 dxe4 21.
fxe4 Nf6 22. Bc4 Qc7 23. e5 Ng4 24. Qf3 Be3+ 25. Kh1 Nf2+ 26. Kg1 Nxd1+ 27. Kh1 Nf2+ 28. Kg1 Ng4+ 29. Kh1 b5 30. Bb3 Nf2+ 31. Kg1 Nd1+ 32. Kh1 Bg4 33. Qe4 Nf2+ 0-1

[Event "*** Titled Tuesday 3|2 Blitz"]
[Site "Chess.com"]
[Date "2017.03.07"]
[Round "4"]
[White "kikydu96"]
[Black "Ginger_GM"]
[Result "0-1"]
[WhiteElo "2312"]
[BlackElo "2491"]
[TimeControl "180+2"]
[EndTime "13:54:19 PST"]
[Termination "Ginger_GM won by resignation"]

1. e4 c5 2. Nf3 d6 3. d4 cxd4 4.
Nxd4 Nf6 5. Nc3 g6 6. f4 Nbd7 7. Nf3 Bg7 8. e5 dxe5 9. fxe5 Ng4 10. e6 fxe6 11. Bc4 Qb6 12. Qe2 Nde5 13. Bb5+ Bd7 14. Bxd7+ Nxd7 15. Ng5 O-O 16. Qxe6+ Qxe6+ 17. Nxe6 Bxc3+ 18. bxc3 Rf6 19. Nd4 e5 20. Nf3 e4 21. Nd4 Rc8 22. Bg5 Rf7 23. Nb5 Rc5 24. Nd6 Rxg5 25. Nxf7 Kxf7 26.
O-O+ Ke6 27. Rfe1 Ngf6 28. Rab1 b6 29. h3 Rc5 30. Rb3 Ne5 31. Kf2 Nc4 32. g4 h5 33.
Kg3 g5 34. gxh5 Nxh5+ 35. Kf2 Rf5+ 36. Kg1 Nd2 37. Rb4 Nf3+ 38. Kh1 0-1

[Event "*** Titled Tuesday 3|2 Blitz"]
[Site "Chess.com"]
[Date "2017.03.07"]
[Round "4"]
[White "arna"]
[Black "Hunninn"]
[Result "0-1"]
[WhiteElo "2262"]
[BlackElo "2430"]
[TimeControl "180+2"]
[EndTime "13:54:26 PST"]
[Termination "Hunninn won on time"]

1. e4 e5 2. Nf3 Nc6 3. d4 exd4 4. Nxd4 Nf6 5. Nc3 d6 6. Bc4 h6 7. O-O Be7 8. h3 O-O 9. Nxc6 bxc6 10. Bb3 Kh8 11.
Bf4 Nh7 12. e5 d5 13. Ne2 f6 14. Qd2 fxe5 15. Bxe5 Bd6 16. Bxd6 Qxd6 17. c4 Ng5 18. Qd3 Bf5 19. Qg3 Qxg3 20. Nxg3 Bd3 21. Rfc1 Ne4 22. Nxe4 dxe4 23. c5 Rad8 24. Re1 Rf5 25. Rac1 g5 26. Rcd1 Rxc5 27. Rxe4 Rc1 28. Rxc1 Bxe4 29. Bc2 Bd5 30.
Rd1 Re8 31. Bd3 Kg7 32. f3 Kf6 33. Kf2 a5 34. b3 a4 35. bxa4 Ra8 36. Bc2 Bxa2 37.
Rd7 Rb8 38. Ke3 Rb2 39. Kd3 Bd5 40. Rxc7 Ra2 41. Kc3 h5 42. Ra7 Ke5 43. Rg7 Kf4 0-1

[Event "*** Titled Tuesday 3|2 Blitz"]
[Site "Chess.com"]
[Date "2017.03.07"]
[Round "4"]
[White "oskariot"]
[Black "JeremDev"]
[Result "1-0"]
[WhiteElo "2413"]
[BlackElo "2227"]
[TimeControl "180+2"]
[EndTime "13:54:26 PST"]
[Termination "oskariot won by resignation"]

1. e4 c5 2. Nf3 d6 3. d4 cxd4 4.
Nxd4 Nf6 5. Nc3 g6 6. Bc4 Bg7 7. O-O O-O 8. Bb3 Nc6 9. Nde2 Bd7 10. Re1 Rc8 11. Ng3 Na5 12. Nd5 Nxb3 13. axb3 a6 14. Bg5 Nxd5 15. exd5 Re8 16. c3 h6 17. Be3 e5 18. dxe6 Bxe6 19. b4 f5 20.
Qd2 g5 21. Bd4 Bxd4 22. Qxd4 Rc4 23. Qd3 Qd7 24. Nxf5 Qh7 25. Rxe6 Rxe6 26. Qxc4 Qxf5 27. Re1 Kf7 28. Qxe6+ Qxe6 29. Rxe6 Kxe6 30. f3 Kd5 31. b3 b6 32. Kf2 a5 33. bxa5 bxa5 34. Ke3 Kc5 35.
Kd3 d5 36. g3 d4 37. cxd4+ Kb4 38. Kc2 1-0

[Event "*** Titled Tuesday 3|2 Blitz"]
[Site "Chess.com"]
[Date "2017.03.07"]
[Round "4"]
[White "ShimanovAlex"]
[Black "GGuseinov"]
[Result "0-1"]
[WhiteElo "2643"]
[BlackElo "2619"]
[TimeControl "180+2"]
[EndTime "13:54:36 PST"]
[Termination "GGuseinov won by resignation"]

1. d4 Nf6 2. Bf4 g6 3. Nc3 d5 4.
Qd2 Bg7 5. O-O-O Nbd7 6. Bh6 Bxh6 7. Qxh6 c6 8. f3 b5 9. Kb1 Nb6 10. e3 b4 11. Nce2 a5 12. Ng3 b3 13. cxb3 a4 14.
e4 axb3 15. a3 dxe4 16. fxe4 Ng4 17. Qd2 O-O 18. e5 Nd5 19. Re1 c5 20. h3 Nge3 21.
Rxe3 Nxe3 22. Qxe3 cxd4 23. Qd2 Bb7 24. Bd3 Qa5 25. Qe2 Bxg2 26. Rh2 Bb7 27. h4 Rac8 28. h5 Rc5 29. hxg6 Rfc8 30. gxf7+ Kf8 0-1

[Event "*** Titled Tuesday 3|2 Blitz"]
[Site "Chess.com"]
[Date "2017.03.07"]
[Round "4"]
[White "ER404"]
[Black "GianmarcoVaR"]
[Result "1/2-1/2"]
[WhiteElo "2227"]
[BlackElo "2415"]
[TimeControl "180+2"]
[EndTime "13:54:36 PST"]
[Termination "Game drawn by repetition"]

1. e4 c6 2. d4 d5 3. e5 Bf5 4. h4 h5 5. Bd3 Bxd3 6. Qxd3 e6 7.
Bg5 Qa5+ 8. Nd2 Ne7 9. Nf3 Nf5 10.
O-O Nd7 11. c4 Bb4 12. cxd5 cxd5 13. a3 Bxd2 14. Bxd2 Qb6 15. Rac1 O-O 16. Rc2 Rfc8 17. Rfc1 Rc6 18. b4 Rac8 19. b5 Rxc2 20. Rxc2 Qd8 21. a4 Rxc2 22. Qxc2 Nb6 23. Qc5 Nxh4 24. Nxh4 Qxh4 25.
a5 Nc4 26. Bb4 Qf4 27. Qxa7 Qc1+ 28. Kh2 Qf4+ 29. Kg1 Qc1+ 30. Kh2 Qf4+ 31. Kg1 Qc1+ 32. Kh2 1/2-1/2

[Event "*** Titled Tuesday 3|2 Blitz"]
[Site "Chess.com"]
[Date "2017.03.07"]
[Round "4"]
[White "manubibi"]
[Black "GM_Splinter"]
[Result "0-1"]
[WhiteElo "2393"]
[BlackElo "2272"]
[TimeControl "180+2"]
[EndTime "13:54:39 PST"]
[Termination "GM_Splinter won on time"]

1. e4 e5 2. Nf3 Nc6 3. Bb5 a6 4. Ba4 Nf6 5. O-O b5 6. Bb3 Bc5 7. a4 Rb8 8. axb5 axb5 9. Nxe5 Nxe5 10. d4 Bxd4 11. Qxd4 d6 12. f4 Nc6 13. Qc3 Ne7 14.
e5 Ne4 15. Qb4 Nc5 16. Nc3 O-O 17. exd6 cxd6 18. Bd5 Nxd5 19. Nxd5 Bb7 20. Qd4 Re8 21. f5 Re4 22. Qd1 Re5 23. Ne3 Qb6 24. Kh1 Qc6 25.
Qg4 Rbe8 26. f6 g6 27. Nf5 Rxf5 28. Bh6 Ree5 29. Rxf5 Rxf5 30. Re1 Rxf6 31. h4 Rf2 32. Qg5 f6 0-1

[Event "*** Titled Tuesday 3|2 Blitz"]
[Site "Chess.com"]
[Date "2017.03.07"]
[Round "4"]
[White "IMcoach"]
[Black "olomi007"]
[Result "0-1"]
[WhiteElo "2309"]
[BlackElo "2480"]
[TimeControl "180+2"]
[EndTime "13:54:40 PST"]
[Termination "olomi007 won on time"]

1. e4 c5 2. Nf3 Nc6 3. Bb5 d6 4. d4 cxd4 5. Qxd4 Bd7 6. Qe3 g6 7. O-O Bg7 8. c4 Nf6 9. Nc3 O-O 10. h3 a6 11. Bxc6 Bxc6 12. Rd1 Qa5 13. Bd2 Qc5 14. Nd4 Nd7 15. Nxc6 bxc6 16. Qe2 Qb6 17. b3 Nc5 18. Rac1 a5 19. Be3 Qb4 20. Bd2 Qb7 21. Rb1 Rfd8 22. Rdc1 Bd4 23. Be3 e5 24. Bg5 Re8 25. Kh1 Kg7 26. Qf3 Re6 27. Ne2 h6 28. Bd2 Rf6 29.
Qg4 Rxf2 30. Nxd4 exd4 31. Be1 Rf1+ 32. Kh2 Qe7 33. Bg3 Rxc1 34. Rxc1 Nxe4 35. Re1 f5 36. Qd1 c5 37. Bh4 Qxh4 0-1

[Event "*** Titled Tuesday 3|2 Blitz"]
[Site "Chess.com"]
[Date "2017.03.07"]
[Round "4"]
[White "filali-oujda"]
[Black "WanderingPuppet"]
[Result "0-1"]
[WhiteElo "2233"]
[BlackElo "2342"]
[TimeControl "180+2"]
[EndTime "13:54:42 PST"]
[Termination "WanderingPuppet won by resignation"]

1. e4 c5 2. Nf3 d6 3. c4 Nc6 4.
Nc3 Bg4 5. Be2 Nf6 6. d3 g6 7.
Bf4 Bg7 8. Qd2 Bxf3 9. Bxf3 Nd4 10. Bd1 O-O 11. Bh6 a6 12. h4 b5 13. h5 e6 14.
hxg6 fxg6 15. Bxg7 Kxg7 16. Qh6+ Kg8 17. e5 dxe5 18. Ne4 Rf7 19. cxb5 Nxe4 20. dxe4 Qa5+ 21.
Kf1 Raf8 22. Bf3 Qxb5+ 23. Kg1 Qxb2 24. Rd1 c4 25. Rd2 Qc1+ 26. Kh2 Qc3 27. Qe3 Rxf3 28. gxf3 Nxf3+ 29. Kg2 Qxe3 30. fxe3 Nxd2 31. Rc1 Rc8 32. Rc2 Nxe4 0-1

[Event "*** Titled Tuesday 3|2 Blitz"]
[Site "Chess.com"]
[Date "2017.03.07"]
[Round "4"]
[White "Fandorine"]
[Black "Keranke"]
[Result "1-0"]
[WhiteElo "2632"]
[BlackElo "2720"]
[TimeControl "180+2"]
[EndTime "13:54:45 PST"]
[Termination "Fandorine won by resignation"]

1. e4 g6 2. d4 Bg7 3. Nc3 d6 4.
h3 a6 5. g4 b5 6. Bg2 Bb7 7.
a3 Nd7 8. Nge2 c5 9. Be3 Rc8 10.
O-O Qc7 11. f4 cxd4 12. Nxd4 e5 13. Ndxb5 axb5 14. Nxb5 Qb8 15. Nxd6+ Kf8 16. Nxc8 Bxc8 17. f5 Bf6 18. g5 Bd8 19. b4 Bb6 20. Qd2 Ne7 21. c4 Bxe3+ 22. Qxe3 Nc6 23. Rf2 Nd4 24. Raf1 gxf5 25. exf5 Bb7 26. c5 Rg8 27. h4 f6 28.
Rd2 Qa8 29. g6 hxg6 30. Qh6+ Kf7 31. Qh7+ Rg7 32. fxg6+ Kf8 33. Qh8+ Rg8 34. Rxf6+ Ke7 35. Qh7+ 1-0

[Event "*** Titled Tuesday 3|2 Blitz"]
[Site "Chess.com"]
[Date "2017.03.07"]
[Round "4"]
[White "HouseOfDurin"]
[Black "Makalexa"]
[Result "0-1"]
[WhiteElo "1867"]
[BlackElo "2121"]
[TimeControl "180+2"]
[EndTime "13:54:50 PST"]
[Termination "Makalexa won on time"]

1. d4 Nf6 2. Bg5 Ne4 3. h4 h6 4. Bf4 d5 5. f3 Nf6 6. Nd2 c5 7. dxc5 Nc6 8. Nb3 e5 9. Bg3 Bf5 10. c3 a5 11. a4 Be7 12. e3 O-O 13. Bb5 Nh5 14. Bf2 Be6 15. g4 Nf6 16. g5 hxg5 17. hxg5 Nh7 18. f4 exf4 19. exf4 Bf5 20. Bd3 Qd7 21. Qc2 Qe6+ 22. Ne2 Be4 23. Rxh7 Kxh7 24. O-O-O Kg8 25. Ned4 Qg6 26. f5 Qxg5+ 27. Kb1 Bf6 28.
Rg1 Qf4 29. Bg3 Bxd3 30. Qxd3 Qe4 31. Kc2 Bxd4 32. Nxd4 Qxd4 33. cxd4 Nb4+ 34. Kd2 Nxd3 35. Kxd3 f6 36. Bd6 Rfe8 37. Rb1 Re4 38. Rg1 Kf7 39. Rg3 Rg8 0-1

[Event "*** Titled Tuesday 3|2 Blitz"]
[Site "Chess.com"]
[Date "2017.03.07"]
[Round "4"]
[White "Robin-Side"]
[Black "JaimeSantosLatasa"]
[Result "1-0"]
[WhiteElo "2465"]
[BlackElo "2582"]
[TimeControl "180+2"]
[EndTime "13:54:51 PST"]
[Termination "Robin-Side won by resignation"]

1. d4 Nf6 2. Nc3 e6 3. e4 d5 4. Bg5 dxe4 5. Bxf6 Qxf6 6. Nxe4 Qd8 7.
Nf3 Be7 8. Bd3 Nd7 9. Qe2 c5 10. dxc5 Nxc5 11. Nxc5 Qa5+ 12. Nd2 Qxc5 13. O-O-O O-O 14.
Kb1 Rd8 15. h4 Bd7 16. h5 Bc6 17. Ne4 Qe5 18. f3 b5 19. Nc3 Qxe2 20. Nxe2 f5 21. c3 Kf7 22. Nd4 Bd7 23. Bxb5 Bxb5 24. Nxb5 Kf6 25. Kc2 a6 26. Nd4 Rac8 27. Rhe1 e5 28. Ne2 Rxd1 29. Rxd1 Kg5 30. Ng3 Kf4 31. Ne2+ Ke3 32. Ng3 Kf4 33. Ne2+ Kg5 34. Ng3 Bf6 35. Rd6 e4 36. fxe4 f4 37. Ne2 Re8 38. Rd5+ Be5 39. Kd3 Kxh5 40. Nxf4+ Kg4 41. Ne2 h5 42. b4 h4 43. Nd4 g5 44. Nf5 Bf4 45. c4 h3 46.
gxh3+ Kxh3 47. c5 g4 48. Ne3 Bxe3 49. Kxe3 g3 50. Rg5 Rf8 51. Kd4 g2 52. c6 Kh2 53.
a4 g1=Q+ 54. Rxg1 Kxg1 55. b5 axb5 56. axb5 Rc8 57. Kc5 Kf2 58. b6 1-0

[Event "*** Titled Tuesday 3|2 Blitz"]
[Site "Chess.com"]
[Date "2017.03.07"]
[Round "4"]
[White "DrVelja"]
[Black "littleozy"]
[Result "1-0"]
[WhiteElo "2521"]
[BlackElo "2283"]
[TimeControl "180+2"]
[EndTime "13:54:53 PST"]
[Termination "DrVelja won by resignation"]

1. e4 c5 2. Nf3 d6 3. d4 cxd4 4.
Nxd4 Nf6 5. Nc3 a6 6. Bc4 e6 7. Bb3 b5 8. Bg5 Qb6 9. Be3 Qb7 10. f3 Be7 11. Qd2 Nbd7 12. O-O-O Nc5 13. g4 Nfd7 14. f4 b4 15. Nd5 Nxb3+ 16. axb3 exd5 17. Nf5 Nf6 18. g5 Nxe4 19. Nxg7+ Kd8 20. Qd4 Rg8 21. f5 f6 22. Nh5 Nxg5 23. Nxf6 Bxf6 24. Qxf6+ Qe7 25.
Qd4 Bxf5 26. Qb6+ Ke8 27. Rhe1 Ne4 28. Qc6+ Kf7 29. Qxd5+ Qe6 30. Rf1 Kg6 31. Rxf5 Qxf5 32. Rg1+ Kf6 33. Bd4+ Qe5 34. Rf1+ Ke7 35. Bxe5 dxe5 36.
Qxe5+ 1-0

[Event "*** Titled Tuesday 3|2 Blitz"]
[Site "Chess.com"]
[Date "2017.03.07"]
[Round "4"]
[White "A-Fier"]
[Black "Alex_Molchanov"]
[Result "1-0"]
[WhiteElo "2528"]
[BlackElo "2469"]
[TimeControl "180+2"]
[EndTime "13:54:55 PST"]
[Termination "A-Fier won by resignation"]

1. d4 Nf6 2. c4 e6 3. Nc3 Bb4 4.
e3 O-O 5. Ne2 c6 6. a3 Ba5 7.
Qc2 d5 8. Ng3 Bc7 9. Be2 Nbd7 10.
O-O b6 11. Rd1 Ba6 12. b3 Qb8 13. Bb2 Rc8 14. e4 c5 15. e5 cxd4 16. exf6 dxc3 17.
Bxc3 Nxf6 18. Qb2 Bxg3 19. hxg3 Ne8 20. Be5 Qb7 21. Bf3 Qe7 22. cxd5 exd5 23. Bxd5 Bb7 24.
Bc4 Rd8 25. Re1 Qc5 26. Rad1 Qc6 27. f3 Qg6 28. Rd4 h5 29. Red1 Rxd4 30. Rxd4 Rc8 31.
Rd7 Rxc4 32. bxc4 Bc6 33. Rxa7 Qd3 34. Qxb6 Bxf3 35. gxf3 Qd1+ 36. Kg2 Qe2+ 37. Qf2 Qxe5 38. Qc2 g6 39. c5 Nf6 40. Ra4 Nd5 41. Re4 Ne3+ 42.
Kf2 Qf5 43. Kxe3 h4 44. gxh4 Kh7 45. c6 Qh3 46. c7 Qf1 47. c8=Q Qe1+ 48. Qe2 Qc1+ 49.
Qxc1 1-0

[Event "*** Titled Tuesday 3|2 Blitz"]
[Site "Chess.com"]
[Date "2017.03.07"]
[Round "4"]
[White "wnstop"]
[Black "plouarzel"]
[Result "1-0"]
[WhiteElo "2453"]
[BlackElo "2339"]
[TimeControl "180+2"]
[EndTime "13:54:57 PST"]
[Termination "wnstop won by resignation"]

1. e4 e5 2. Nf3 Nc6 3. Bc4 Bc5 4.
O-O Nf6 5. d3 a6 6. c3 Ba7 7.
Bb3 O-O 8. Bg5 h6 9. Bh4 g5 10. Nxg5 hxg5 11. Bxg5 Kg7 12. Qf3 d6 13. Nd2 Kg6 14. h4 Bg4 15. Qg3 Qd7 16. d4 Nh5 17.
Qd3 f6 18. Be3 Nf4 19. Bxf4 exf4 20. f3 Be6 21. Bc2 Kh6 22. Kh2 Qg7 23. g4 fxg3+ 24. Kg2 Rg8 25. Rh1 Kh7 26. f4 Kh8 27. d5 Bd7 28.
dxc6 Bxc6 29. Rh3 Rae8 30. Rxg3 Qh6 31. Qf3 Rxg3+ 32. Kxg3 Rg8+ 33. Kh3 Bd7+ 34. f5 Qxd2 35. Qh5+ Kg7 36. Bb3 Qe3+ 37. Kh2 Qf2+ 38. Kh3 Qe3+ 39. Kh2 d5 40. Bxd5 Qf2+ 41. Kh1 Qf3+ 42. Qxf3 1-0